[Event "Team 45 45 League T38"]
[Site "Internet Chess Club"]
[Date "2008.08.23"]
[Round "5"]
[White "Frankly"]
[Black "jazzpiano"]
[Result "1-0"]
[WhiteElo "1799"]
[BlackElo "1762"]
[Opening "King's Indian: Four pawns attack"]
[ECO "E76"]
[Time "15:10:15"]
[TimeControl "2700+45"]

1. d4 Nf6 2. c4 g6 3. Nc3 Bg7 4. e4 d6 5. f4 O-O 6. Nf3 c5 7. d5 e6 8. Be2 exd5
9. exd5 Re8 10. O-O Bg4 11. h3 Bf5 12. Bd3 Qd7 13. Nh4 Bxh3 14. gxh3 Qxh3 15.
Nf3 Ng4 16. Qc2 Ne3 17. Bxe3 Rxe3 18. Qd1 Rxf3 19. Rxf3 Bd4+ 20. Rf2 Qg3+ 21.
Kh1 Bxf2 22. Qf1 Qf3+ 23. Qg2 Qxg2+ 24. Kxg2 Bd4 25. Nb5 Nd7 26. Nxd6 Bxb2 27.
Rb1 Bd4 28. Rxb7 Nf6 29. Nxf7 h5 30. Bxg6 Kg7 31. Bc2 Kf8 32. Ne5 Ne8 33. Bg6
Nd6 34. Rh7 Bxe5 35. fxe5 Nxc4 36. Rh8+ Kg7 37. Rxa8 Kxg6 38. e6 Ne3+ 39. Kf3
Nxd5 40. Rxa7 Kf6 41. Ke4 Nc3+ 42. Kd3 Nd5 43. Kc4 Kxe6 44. Kxc5 Ke5 45. Rh7 Nf6
46. Rh8 Kf5 47. a4 Kg4 48. a5 Ne4+ 49. Kc6 h4 50. a6 h3 51. a7 {Black resigns}
1-0

[Event "Team 45 45 League T38"]
[Site "Internet Chess Club"]
[Date "2008.08.24"]
[Round "5"]
[White "rubo"]
[Black "BigH"]
[Result "1-0"]
[WhiteElo "1737"]
[BlackElo "1751"]
[Opening "Bird's opening: Lasker variation"]
[ECO "A03"]
[Time "12:01:29"]
[TimeControl "2700+45"]

1. f4 d5 2. Nf3 c5 3. e3 Nf6 4. b3 Bg4 5. Bb2 a6 6. a4 Nc6 7. Be2 Qc7 8. Ne5
Bxe2 9. Qxe2 d4 10. Nxc6 Qxc6 11. exd4 cxd4 12. Na3 Rd8 13. O-O e6 14. Rac1 Bc5
15. Kh1 O-O 16. Nc4 Qd5 17. d3 b5 18. axb5 axb5 19. Ne5 Ra8 20. Ra1 Rxa1 21.
Rxa1 Ra8 22. Qf3 Rxa1+ 23. Bxa1 Qxf3 24. Nxf3 Nd5 25. Bxd4 Bxd4 26. Nxd4 Nxf4
27. Nxb5 Kf8 28. d4 Ke7 29. g3 Ne2 30. Kg2 Kd7 31. Kf2 Nc1 32. Ke1 Na2 33. Kd2
Kc6 34. c4 Nb4 35. Nc3 f5 36. Ne2 g5 37. h4 h6 38. hxg5 hxg5 39. Kc3 Na6 40. b4
Nc7 41. b5+ Nxb5+ 42. cxb5+ Kxb5 43. Kb3 Kc6 44. Kc4 Kd6 45. Nc3 e5 46. Nb5+ Ke6
47. d5+ Kd7 48. Nc3 f4 49. g4 f3 50. Ne4 Ke7 51. Kd3 Kd7 52. Ke3 Ke7 53. Kxf3
Kd7 {Black resigns} 1-0

[Event "Team 45 45 League T38"]
[Site "Internet Chess Club"]
[Date "2008.08.26"]
[Round "5"]
[White "MiroslavR"]
[Black "alastorx"]
[Result "0-1"]
[WhiteElo "1902"]
[BlackElo "1858"]
[Opening "French: Winawer, advance, poisoned pawn, Konstantinopolsky variation"]
[ECO "C18"]
[Time "11:03:36"]
[TimeControl "2700+45"]

1. d4 e6 2. e4 d5 3. Nc3 Bb4 4. e5 c5 5. a3 Bxc3+ 6. bxc3 Ne7 7. Qg4 Qc7 8. Qxg7
Rg8 9. Qxh7 cxd4 10. Ne2 Nbc6 11. f4 Bd7 12. Qd3 dxc3 13. Rb1 Nf5 14. h3 Qd8 15.
Rg1 b6 16. g4 Qh4+ 17. Ng3 Nxg3 18. Qxg3 Qh7 19. Bd3 Qh6 20. f5 Qg7 21. f6 Qf8
22. Qf2 Nxe5 23. Qe3 Nxd3+ 24. Qxd3 Qc5 25. Be3 Qxa3 26. g5 Qa2 27. Kf2 Ba4 28.
Rbc1 Qc4 29. Qh7 O-O-O 30. Rg4 d4 31. Bxd4 Rxg5 32. Be3 Rxg4 33. hxg4 Qxg4 34.
Qh1 Qf5+ 35. Ke1 Qd5 36. Qh7 Rd7 37. Ra1 Bxc2 {White resigns} 0-1

[Event "Team 45 45 League T38"]
[Site "Internet Chess Club"]
[Date "2008.08.26"]
[Round "5"]
[White "kai"]
[Black "Kalhalla"]
[Result "0-1"]
[WhiteElo "1726"]
[BlackElo "1748"]
[Opening "Pirc: Austrian attack, 6.Bd3"]
[ECO "B09"]
[Time "12:30:18"]
[TimeControl "2700+45"]

1. e4 d6 2. d4 Nf6 3. Nc3 g6 4. f4 Bg7 5. Nf3 O-O 6. Bd3 Na6 7. O-O c5 8. dxc5
Nxc5 9. h3 Qb6 10. Kh1 Nxd3 11. cxd3 Nh5 12. Qe1 e6 13. g4 Nf6 14. Qh4 Bd7 15.
f5 exf5 16. gxf5 Qa6 17. Bh6 Bc6 18. Ng5 Nh5 19. Bxg7 Kxg7 20. fxg6 hxg6 21. Rf3
Rae8 22. Raf1 f6 23. Qf2 Qb6 24. d4 Qd8 25. h4 fxg5 26. Rf7+ Kg8 27. hxg5 Ng3+
28. Qxg3 Rxf7 29. Rxf7 Kxf7 30. Qf4+ Kg7 31. d5 Rf8 32. Qh4 Rh8 {White resigns}
0-1

[Event "Team 45 45 League T38"]
[Site "Internet Chess Club"]
[Date "2008.08.25"]
[Round "5"]
[White "parrot9"]
[Black "NFK"]
[Result "0-1"]
[WhiteElo "1726"]
[BlackElo "1617"]
[Opening "Sicilian: accelerated fianchetto, Maróczy bind, 6.Be3"]
[ECO "B38"]
[Time "14:30:20"]
[TimeControl "2700+45"]

1. e4 c5 2. Nf3 g6 3. d4 cxd4 4. Nxd4 Nc6 5. Be3 Bg7 6. c4 Nf6 7. Nxc6 bxc6 8.
Nc3 Qa5 9. Bd3 d6 10. O-O Ng4 11. Bd2 Qe5 12. g3 Qh5 13. h4 Qc5 14. Be2 Ne5 15.
Na4 Qd4 16. Qc2 d5 17. cxd5 cxd5 18. Nc5 dxe4 19. Be3 Qd5 20. Rfd1 Qc6 21. Qxe4
Qxe4 22. Nxe4 O-O 23. Bd4 Bf5 24. Nc5 Rfc8 25. Rac1 Rab8 26. b3 Rb4 27. Bc3 Rb6
28. Bxe5 Bxe5 29. Bf3 Rd6 30. Ne4 Rxd1+ 31. Rxd1 Rc2 32. Rd8+ Kg7 33. a4 Rb2 34.
Nc5 Bd6 35. Nb7 Bc7 36. Ra8 Bb6 37. Re8 Rxf2 38. Bg2 Rb2+ 39. Kh1 e6 40. Nd6
Rxb3 41. Re7 Rxg3 42. Rxf7+ Kh6 43. Ne8 g5 44. hxg5+ Rxg5 45. Nf6 Bd4 46. Bf3
Bxf6 47. Rxf6+ Kg7 48. Rxf5 Rxf5 {White resigns} 0-1

[Event "Team 45 45 League T38"]
[Site "Internet Chess Club"]
[Date "2008.08.26"]
[Round "5"]
[White "BrerRabbit"]
[Black "sean98"]
[Result "1/2-1/2"]
[WhiteElo "1609"]
[BlackElo "1673"]
[Opening "QGD Slav: 4.e3 Bf5"]
[ECO "D12"]
[Time "15:02:07"]
[TimeControl "2700+45"]

1. d4 d5 2. c4 c6 3. Nf3 Nf6 4. e3 Bf5 5. cxd5 cxd5 6. Qb3 Qb6 7. Qxb6 axb6 8.
Bb5+ Nbd7 9. Nc3 e6 10. O-O Bd6 11. Bd2 Ne4 12. Nxe4 Bxe4 13. Ne5 Bxe5 14. dxe5
Rd8 15. Rac1 O-O 16. Bc3 f6 17. f4 fxe5 18. fxe5 Rxf1+ 19. Rxf1 Nc5 20. Rd1 Ra8
21. a3 Na4 22. Rc1 Nc5 23. Bd4 Ra5 24. Be2 Ra8 25. b4 Nb3 26. Rc3 Nxd4 27. exd4
Bg6 28. Rc7 Rb8 29. Bg4 Rf8 30. Bxe6+ Kh8 31. Rc8 Rxc8 32. Bxc8 Be4 33. g3 Kg8
34. Bxb7 Kf7 35. a4 Ke7 36. a5 bxa5 37. bxa5 Kd7 {Game drawn by mutual
agreement} 1/2-1/2

[Event "Team 45 45 League T38"]
[Site "Internet Chess Club"]
[Date "2008.08.26"]
[Round "5"]
[White "syy89"]
[Black "cappelo-upgrate"]
[Result "0-1"]
[WhiteElo "2111"]
[BlackElo "2233"]
[Opening "Caro-Kann: anti-anti-Caro-Kann defense"]
[ECO "B10"]
[Time "18:29:26"]
[TimeControl "2700+45"]

1. e4 c6 2. c4 d5 3. exd5 cxd5 4. cxd5 Nf6 5. Nc3 Nxd5 6. Nf3 Nxc3 7. bxc3 g6 8.
d4 Bg7 9. Bd3 O-O 10. O-O Nc6 11. Bf4 Qa5 12. Qc1 Bg4 13. Nd2 e5 14. Nb3 Qd8 15.
Bg5 Qd6 16. Bb5 Rfc8 17. Bxc6 Qxc6 18. Qa3 Qxc3 19. Rac1 Qd3 20. Rxc8+ Rxc8 21.
Qxa7 exd4 22. Qxb7 h6 23. Bf4 Rc2 24. Re1 Re2 25. Rf1 Rb2 26. Qe7 Qc4 27. h3 Be6
28. Nd2 Qxa2 29. Ne4 Rb1 30. Bc1 Qc2 {White resigns} 0-1

[Event "Team 45 45 League T38"]
[Site "Internet Chess Club"]
[Date "2008.08.24"]
[Round "5"]
[White "PandorasBox"]
[Black "deathmage"]
[Result "1-0"]
[WhiteElo "2135"]
[BlackElo "1660"]
[Opening "Queen's pawn game"]
[ECO "A45"]
[Time "18:10:10"]
[TimeControl "2700+45"]

1. d4 Nf6 2. Nc3 e6 3. e4 Bb4 4. Bg5 Bxc3+ 5. bxc3 h6 6. Bxf6 Qxf6 7. e5 Qe7 8.
Qg4 O-O 9. Bd3 f5 10. exf6 Qxf6 11. Nf3 b6 12. Qe4 d5 13. Qh7+ Kf7 14. Ne5+ Ke8
15. O-O Ba6 16. Bxa6 Nxa6 17. Qd3 Nc5 18. Qb5+ Ke7 19. Nc6+ Kf7 20. dxc5 Kg8 21.
cxb6 cxb6 22. Qb4 Kh8 23. Qd4 Qg6 24. Rae1 Rf6 25. Qd3 Qe8 26. Ne5 Rc8 27. Re3
Rc7 28. Rg3 g5 29. Rh3 Rg7 30. Ng4 Rfg6 31. Re1 Rh7 32. Qd4+ {Black resigns} 1-0

[Event "Team 45 45 League T38"]
[Site "Internet Chess Club"]
[Date "2008.08.22"]
[Round "5"]
[White "tini3blas"]
[Black "gyoung"]
[Result "1/2-1/2"]
[WhiteElo "2162"]
[BlackElo "2254"]
[Opening "Sicilian: accelerated fianchetto, modern variation"]
[ECO "B34"]
[Time "18:58:56"]
[TimeControl "2700+45"]

1. e4 c5 2. Nf3 Nc6 3. d4 cxd4 4. Nxd4 g6 5. Nc3 Bg7 6. Be3 Nf6 7. Be2 O-O 8.
O-O d5 9. Nxc6 bxc6 10. e5 Nd7 11. f4 e6 12. a4 a5 13. Bd3 f6 14. exf6 Bxf6 15.
Ne2 Bxb2 16. Rb1 Bg7 17. Nd4 c5 18. Nxe6 Qe7 19. f5 gxf5 20. Bxf5 Rxf5 21. Rxf5
Qxe6 22. Qxd5 Qxd5 23. Rxd5 Nf6 24. Rd8+ Kf7 25. Bxc5 Ne4 26. Rf1+ Kg6 27. Be3
Bb7 28. Rd7 Bc6 29. Rc7 Ra6 30. Rf4 Nf6 31. Bd4 Be8 32. Rf3 Bh8 33. Rg3+ Kf5 34.
Rc8 Rc6 35. Bxf6 Rxc8 36. Bxh8 Bxa4 37. Ra3 {Game drawn by mutual agreement}
1/2-1/2

[Event "Team 45 45 League T38"]
[Site "Internet Chess Club"]
[Date "2008.08.21"]
[Round "5"]
[White "palito"]
[Black "HuevosDeLeon"]
[Result "0-1"]
[WhiteElo "2103"]
[BlackElo "2105"]
[Opening "English: Anglo-Dutch defense"]
[ECO "A10"]
[Time "14:02:36"]
[TimeControl "2700+45"]

1. c4 f5 2. g3 Nf6 3. Bg2 g6 4. Nc3 Bg7 5. d3 O-O 6. e4 d6 7. exf5 gxf5 8. Nge2
Nc6 9. Bg5 e5 10. Qd2 Be6 11. O-O-O Qd7 12. h4 Ng4 13. Rdf1 e4 14. Nf4 Bf7 15.
h5 h6 16. Ng6 hxg5 17. Nxf8 Kxf8 18. dxe4 Bxc4 19. Re1 Nce5 20. Kb1 Nd3 21. Ref1
Re8 22. f3 Nh6 23. exf5 Nxb2 24. Qxb2 Re2 25. Qb4 Qxf5+ 26. Ka1 Rxa2# {White
checkmated} 0-1

[Event "Team 45 45 League T38"]
[Site "Internet Chess Club"]
[Date "2008.08.22"]
[Round "5"]
[White "RedAttack"]
[Black "chiiwen"]
[Result "1-0"]
[WhiteElo "1974"]
[BlackElo "2088"]
[Opening "King's Indian, 3.Nf3"]
[ECO "E90"]
[Time "17:30:10"]
[TimeControl "2700+45"]

1. Nf3 Nf6 2. d4 g6 3. c4 Bg7 4. Nc3 O-O 5. e4 d6 6. h3 Nbd7 7. Bd3 e5 8. d5 Nc5
9. Bc2 a5 10. Bg5 h6 11. Be3 Nfd7 12. Qd2 Kh7 13. g4 b6 14. a3 Bb7 15. g5 h5 16.
O-O a4 17. Qd1 Ba6 18. Qe2 Bc8 19. Qd1 Ba6 20. Nd2 f6 21. Nxa4 fxg5 22. Nc3 Bc8
23. Kg2 Nb8 24. f3 Bh6 25. b4 Nb7 26. Qe2 Rf4 27. Bxf4 gxf4 28. Rh1 Bg5 29. Ba4
Bh4 30. Kf1 Qf8 31. Qg2 Nd8 32. Rg1 Qg8 33. Ke2 Nf7 34. c5 bxc5 35. Bb5 Ng5 36.
bxc5 Na6 37. c6 Nc5 38. Rh1 Ba6 39. Bxa6 Rxa6 40. a4 Qc8 41. Rhb1 Ra5 42. Nc4
Qa6 43. Rb4 Nb3 44. Rb1 Nd4+ 45. Kd1 Ngxf3 46. Qf1 Rc5 47. Nb5 Bd8 48. Qd3 Kh6
49. Nxd4 Nxd4 50. Nxe5 Qxd3+ 51. Nxd3 Rc3 52. Kd2 Rc2+ 53. Kd1 Rc3 54. Rxd4 Bf6
55. e5 dxe5 56. d6 exd4 57. dxc7 Rxd3+ 58. Ke2 Re3+ 59. Kd2 Re8 60. Rb8 Be5 61.
Rxe8 Bxc7 62. Re7 Ba5+ 63. Ke2 d3+ 64. Kxd3 f3 65. Rf7 {Black resigns} 1-0

[Event "Team 45 45 League T38"]
[Site "Internet Chess Club"]
[Date "2008.08.25"]
[Round "5"]
[White "pestka"]
[Black "bjoernchess"]
[Result "1-0"]
[WhiteElo "2235"]
[BlackElo "2397"]
[Opening "QGD Slav: 4.e3"]
[ECO "D11"]
[Time "08:00:20"]
[TimeControl "2700+45"]

1. d4 d5 2. c4 c6 3. Nf3 Nf6 4. e3 Bg4 5. Nc3 e6 6. h3 Bh5 7. g4 Bg6 8. Ne5 Nfd7
9. Nxg6 hxg6 10. Qb3 Qc7 11. Bd2 dxc4 12. Bxc4 Nb6 13. Be2 N8d7 14. O-O-O Be7
15. Kb1 Nd5 16. Rc1 N7f6 17. Bf3 Qb6 18. Qc4 Nxc3+ 19. Rxc3 Nd5 20. Rb3 Qc7 21.
e4 Nb6 22. Qc1 Qd7 23. Be3 O-O 24. h4 f6 25. h5 g5 26. h6 g6 27. h7+ Kh8 28. Rh6
Rf7 29. Qh1 Rg7 30. Be2 Rc8 31. Rc3 Qe8 32. Qc1 Rxh7 33. Qh1 Rxh6 34. Qxh6+ Kg8
35. Bc1 Bf8 36. Qh2 Qd7 37. Be3 Qh7 38. Qg2 Rd8 39. Rc1 Qe7 40. Qh2 Bg7 41. a3
Kf7 42. Qg2 Kg8 43. Bd1 Nd7 44. Bb3 Nb6 45. Rh1 Rd6 46. d5 exd5 47. Bc5 Kf8 48.
Rd1 Ke8 49. exd5 cxd5 50. Bxd6 Qxd6 51. Bxd5 Nxd5 52. Qxd5 Qxd5 53. Rxd5 Ke7 54.
b4 Bf8 55. Kb2 Ke6 56. Ra5 a6 57. b5 Bc5 58. bxa6 Bd4+ 59. Kc2 bxa6 60. f3 Bg1
61. Kd3 f5 62. Rxa6+ Kf7 63. Kc4 Be3 64. Kd5 fxg4 65. fxg4 Bg1 66. Rc6 Be3 67.
Rc2 Bg1 68. a4 Bb6 69. Re2 Ba5 70. Kd6 Kf6 71. Rf2+ Kg7 72. Ke6 Be1 73. Re2 Ba5
74. Re5 Bd2 75. a5 {Black resigns} 1-0

[Event "Team 45 45 League T38"]
[Site "Internet Chess Club"]
[Date "2008.08.22"]
[Round "5"]
[White "killer21"]
[Black "Kolibri"]
[Result "1-0"]
[WhiteElo "2258"]
[BlackElo "2111"]
[Opening "Sicilian: Boleslavsky variation"]
[ECO "B58"]
[Time "12:01:56"]
[TimeControl "2700+45"]

1. e4 c5 2. Nf3 d6 3. d4 cxd4 4. Nxd4 Nf6 5. Nc3 Nc6 6. Be2 e5 7. Nf3 Be7 8. Bg5
Be6 9. O-O h6 10. Bxf6 Bxf6 11. Nd5 Bxd5 12. Qxd5 Qc7 13. c3 O-O 14. Rfd1 Be7
15. Nd2 Rac8 16. Nc4 Rfd8 17. Bg4 Rb8 18. Bh5 Bf8 19. a4 Qe7 20. Rd3 Qe6 21.
Rad1 Qxd5 22. Rxd5 g6 23. Be2 a6 24. Nxd6 Ne7 25. R5d2 f5 26. Kf1 Rd7 27. Bc4+
Kh7 28. Be6 Rc7 29. exf5 Nxf5 30. Bxf5 gxf5 31. Nxf5 Kg6 32. Ng3 b5 33. axb5
Rxb5 34. Ne4 Kf5 35. f3 h5 36. b4 a5 37. Rd6 Be7 38. Rh6 h4 39. Rdd6 Kf4 40. Kf2
axb4 41. Rhf6+ {Black resigns} 1-0

[Event "Team 45 45 League T38"]
[Site "Internet Chess Club"]
[Date "2008.08.26"]
[Round "5"]
[White "baumhauer"]
[Black "andreip"]
[Result "1/2-1/2"]
[WhiteElo "1963"]
[BlackElo "2114"]
[Opening "English: symmetrical variation"]
[ECO "A38"]
[Time "14:52:27"]
[TimeControl "2700+45"]

1. Nf3 Nf6 2. c4 c5 3. Nc3 Nc6 4. g3 g6 5. Bg2 Bg7 6. O-O O-O 7. a3 d6 8. d4
cxd4 9. Nxd4 Nxd4 10. Qxd4 a6 11. Qd3 Rb8 12. e4 Qa5 13. Bd2 Qc5 14. Rac1 Bd7
15. Nd5 Nxd5 16. cxd5 Qb5 17. Qe3 Qxb2 18. Rc7 Rfd8 19. Rfc1 Qd4 20. Rb1 b5 21.
Bf1 Qxe3 22. fxe3 Bf6 23. Ba5 Rbc8 24. Rb7 Rb8 25. Ra7 Ra8 26. Rb7 Rab8 27. Ra7
Ra8 {Game drawn by mutual agreement} 1/2-1/2

[Event "Team 45 45 League T38"]
[Site "Internet Chess Club"]
[Date "2008.08.27"]
[Round "5"]
[White "alin"]
[Black "Holzschlange"]
[Result "1-0"]
[WhiteElo "2065"]
[BlackElo "1921"]
[Opening "Vienna gambit"]
[ECO "C29"]
[Time "11:28:31"]
[TimeControl "2700+45"]

1. e4 e5 2. Nc3 Nf6 3. f4 d5 4. fxe5 Nxe4 5. d3 Nc5 6. d4 Ne6 7. Nf3 c5 8. dxc5
d4 9. Ne4 Bxc5 10. Nxc5 Qa5+ 11. c3 Qxc5 12. cxd4 Qd5 13. b3 Nc6 14. Bb2 O-O 15.
Bc4 Qe4+ 16. Qe2 Qxe2+ 17. Kxe2 Nf4+ 18. Kf2 Be6 19. Rhd1 Nd5 20. Ng5 h6 21.
Nxe6 fxe6+ 22. Kg1 Rad8 23. Rf1 a6 24. Rxf8+ Kxf8 25. Rc1 Ne3 26. Bxa6 Nxd4 27.
Bxd4 Rxd4 28. Bxb7 Rd2 29. a4 Rb2 30. a5 Rxb3 31. a6 Ra3 32. Rc8+ Kf7 33. Rc7+
Kf8 34. Kf2 Ng4+ 35. Ke2 Nxe5 36. Bc8 Ng6 37. a7 Nf4+ 38. Kf2 Nd5 39. Rb7 Ra2+
40. Kf3 Ra3+ 41. Ke4 Ra4+ 42. Ke5 Nc3 43. Bxe6 Ra5+ 44. Kd6 Nb5+ 45. Rxb5 Ra6+
46. Ke5 Rxa7 47. Rb8+ Ke7 48. Bd5 Ra6 49. Rb7+ Kf8 50. Rf7+ Ke8 51. Rxg7 Rb6 52.
Rc7 h5 53. Rh7 Kf8 54. Rxh5 Rb5 55. Kf6 Rb6+ 56. Be6 {Black resigns} 1-0

[Event "Team 45 45 League T38"]
[Site "Internet Chess Club"]
[Date "2008.08.24"]
[Round "5"]
[White "kingcapture"]
[Black "CMerli"]
[Result "0-1"]
[WhiteElo "2258"]
[BlackElo "2363"]
[Opening "Pirc: Byrne variation"]
[ECO "B07"]
[Time "16:03:03"]
[TimeControl "2700+45"]

1. e4 d6 2. d4 Nf6 3. Nc3 g6 4. Bg5 Bg7 5. Qd2 h6 6. Be3 Ng4 7. Bf4 e5 8. dxe5
Nxe5 9. O-O-O Nbc6 10. h3 Be6 11. Nd5 Qd7 12. Be3 g5 13. h4 f6 14. hxg5 fxg5 15.
f4 gxf4 16. Bxf4 O-O-O 17. Bxh6 Ng4 18. Bxg7 Rxh1 19. Bd4 Nxd4 20. Qxd4 c5 21.
Qc3 Rxg1 22. Qa5 Bxd5 23. Qxa7 Bc6 24. Qa8+ Kc7 25. Qa5+ Kb8 {White resigns} 0-1

[Event "Team 45 45 League T38"]
[Site "Internet Chess Club"]
[Date "2008.08.21"]
[Round "5"]
[White "Sleete"]
[Black "izit"]
[Result "1-0"]
[WhiteElo "2172"]
[BlackElo "2197"]
[Opening "Sicilian: Tartakower variation"]
[ECO "B53"]
[Time "16:06:07"]
[TimeControl "2700+45"]

1. e4 c5 2. Nf3 d6 3. d4 cxd4 4. c3 Nf6 5. cxd4 Nxe4 6. Bd3 Nf6 7. Nc3 g6 8. Bg5
Bg7 9. O-O O-O 10. Qb3 Nbd7 11. Rfe1 Nb6 12. a4 Rb8 13. a5 Na8 14. Bxf6 Bxf6 15.
Nd5 e6 16. Nxf6+ Qxf6 17. Rac1 Qd8 18. Qc3 Bd7 19. Nd2 Bc6 20. Be4 Rc8 21. Bxc6
Rxc6 22. Qb4 Qc7 23. Rxc6 Qxc6 24. Ne4 d5 25. Nf6+ Kg7 26. Qe7 Qc2 27. Nxh7 Rc8
28. Ng5 Qf5 29. h4 Rc2 30. Nxe6+ Kh7 31. f3 Rc6 32. g4 Rxe6 33. gxf5 {Black
resigns} 1-0

[Event "Team 45 45 League T38"]
[Site "Internet Chess Club"]
[Date "2008.08.24"]
[Round "5"]
[White "el-poeta"]
[Black "HocusPocus"]
[Result "0-1"]
[WhiteElo "1985"]
[BlackElo "1961"]
[Opening "Caro-Kann: Tartakower (Nimzovich) variation"]
[ECO "B15"]
[Time "10:07:35"]
[TimeControl "2700+45"]

1. e4 c6 2. d4 d5 3. Nc3 dxe4 4. Nxe4 Nf6 5. Nxf6+ exf6 6. Nf3 Bd6 7. Be3 O-O 8.
Qd2 Nd7 9. Bc4 Re8 10. O-O Nb6 11. Bb3 Nd5 12. Bxd5 cxd5 13. h3 b6 14. Bf4 Ba6
15. Rfe1 Qc7 16. Bxd6 Qxd6 17. Rxe8+ Rxe8 18. Re1 Re6 19. c3 g6 20. g3 Kg7 21.
Nh4 Qe7 22. Ng2 Re4 23. Rxe4 Qxe4 24. a3 Bc8 25. Kh2 Qf5 26. h4 Qe4 27. Nf4 Bf5
28. Qe2 Qb1 29. Nxd5 Be4 30. f3 Bxd5 31. c4 Bb7 32. d5 Qf5 33. d6 Bxf3 34. Qe3
Qc2+ {White resigns} 0-1

[Event "Team 45 45 League T38"]
[Site "Internet Chess Club"]
[Date "2008.08.24"]
[Round "5"]
[White "FiendAngelical"]
[Black "jonesey"]
[Result "1/2-1/2"]
[WhiteElo "1993"]
[BlackElo "1955"]
[Opening "Ruy Lopez: Marshall, main line, 14...Qh3"]
[ECO "C89"]
[Time "13:00:49"]
[TimeControl "2700+45"]

1. e4 e5 2. Nf3 Nc6 3. Bb5 a6 4. Ba4 Nf6 5. O-O Be7 6. Re1 b5 7. Bb3 O-O 8. c3
d5 9. exd5 Nxd5 10. Nxe5 Nxe5 11. Rxe5 c6 12. d4 Bd6 13. Re1 Qh4 14. g3 Qh3 15.
Be3 Bg4 16. Qd3 Rae8 17. Nd2 Re6 18. Bc2 Nxe3 19. Rxe3 Rh6 20. Nf1 f5 21. f4 g5
22. Rae1 gxf4 23. Bb3+ Kg7 24. gxf4 Qh4 25. d5 c5 26. Qd2 Rg6 27. Re6 Qh6 28.
Rxg6+ hxg6 29. Qf2 Qxf4 30. Re7+ Rf7 31. Qxf4 Bxf4 32. Re6 Rf6 33. Re7+ Kh6 34.
c4 Bc1 35. Ne3 Bh3 36. Kf2 Bxb2 37. Kg3 f4+ 38. Kxh3 fxe3 39. Rxe3 Kg5 40. Kg3
Bd4 41. Re2 Kf5 42. h4 Be5+ 43. Kf3 Rf8 44. Bc2+ Kf6 45. Kg4 bxc4 46. Rf2+ Kg7
47. Rxf8 Kxf8 48. Bxg6 c3 49. Bd3 Ke7 50. Kf5 Kd6 51. Ke4 a5 52. Bc2 c4 53. h5
Bh8 54. Bd1 Be5 55. Bc2 Bh8 {Game drawn by mutual agreement} 1/2-1/2

[Event "Team 45 45 League T38"]
[Site "Internet Chess Club"]
[Date "2008.08.25"]
[Round "5"]
[White "specialxtr"]
[Black "Checkmates"]
[Result "1-0"]
[WhiteElo "2402"]
[BlackElo "2413"]
[Opening "King's Indian: Petrosian system"]
[ECO "E92"]
[Time "12:34:31"]
[TimeControl "2700+45"]

1. c4 Nf6 2. Nf3 g6 3. Nc3 Bg7 4. d4 O-O 5. e4 d6 6. Be2 e5 7. d5 Na6 8. O-O Nc5
9. Qc2 a5 10. Bg5 h6 11. Be3 b6 12. Nd2 Nh7 13. a3 f5 14. b4 axb4 15. axb4 Rxa1
16. Rxa1 Na6 17. exf5 gxf5 18. b5 Nc5 19. Ra7 e4 20. Kh1 Qe7 21. Nb3 Nxb3 22.
Qxb3 f4 23. Bxb6 Qe5 24. Bxc7 f3 25. Bf1 Qd4 26. Ra2 Be5 27. Nd1 fxg2+ 28. Bxg2
Bg4 29. Ne3 Bf3 30. b6 Qc5 31. Qb5 Qd4 32. b7 Qc3 33. Qb1 Bxg2+ 34. Kxg2 Rxf2+
35. Kxf2 Ng5 36. b8=Q+ Kh7 37. Qc8 {Black resigns} 1-0

[Event "Team 45 45 League T38"]
[Site "Internet Chess Club"]
[Date "2008.08.24"]
[Round "5"]
[White "SiNsUaT12"]
[Black "fllinc"]
[Result "1/2-1/2"]
[WhiteElo "2315"]
[BlackElo "2013"]
[Opening "Sicilian: dragon, classical attack"]
[ECO "B72"]
[Time "23:00:58"]
[TimeControl "2700+45"]

1. e4 c5 2. Nf3 d6 3. d4 cxd4 4. Nxd4 Nf6 5. Nc3 g6 6. Be2 Bg7 7. Be3 O-O 8. h4
Nc6 9. h5 Nxd4 10. Bxd4 Qa5 11. h6 Bh8 12. Qd3 Be6 13. f3 Rac8 14. g4 Bc4 15.
Qd2 Bxe2 16. Nxe2 Qxd2+ 17. Kxd2 Nd7 18. Rh3 Bxd4 19. Nxd4 Nb6 20. b3 e5 21. Ne2
d5 22. a4 Rfd8 23. Kc1 a5 24. Kb2 dxe4 25. fxe4 Rd2 26. Nc3 Nd7 27. Rd3 Rxd3 28.
cxd3 Nc5 29. Rd1 f6 30. d4 exd4 31. Rxd4 Kf7 32. Nb5 Ke6 33. Rd6+ Ke5 34. Rb6
Rc6 35. Rxc6 bxc6 36. Na7 Kd6 37. Nc8+ Ke6 38. Nb6 Nxe4 39. Nc4 Nf2 40. Nxa5
Nxg4 41. Nxc6 Kd6 42. Nd4 Nxh6 43. a5 Nf5 44. Nxf5+ gxf5 45. Kc3 h5 46. Kd4 h4
47. Ke3 h3 48. Kf3 f4 49. a6 Kc7 50. b4 Kc6 51. b5+ Kb6 52. Kf2 Ka7 53. Kf3 f5
54. Kf2 Kb6 55. Kf3 Ka7 56. Kf2 Kb6 {Game drawn by mutual agreement} 1/2-1/2

[Event "Team 45 45 League T38"]
[Site "Internet Chess Club"]
[Date "2008.08.23"]
[Round "5"]
[White "MRX"]
[Black "Zornorph"]
[Result "0-1"]
[WhiteElo "1932"]
[BlackElo "2032"]
[Opening "Old Indian defense"]
[ECO "A54"]
[Time "18:00:50"]
[TimeControl "2700+45"]

1. d4 d6 2. c4 Nf6 3. Nc3 Nbd7 4. Nf3 e5 5. dxe5 dxe5 6. e4 Bc5 7. Be2 O-O 8.
O-O a5 9. Bg5 c6 10. Qc2 Re8 11. Rad1 Qc7 12. a3 Nh5 13. g3 h6 14. Bc1 Nb6 15.
Rfe1 Nf6 16. Nh4 Ng4 17. Bxg4 Bxg4 18. Rd3 Rad8 19. Rxd8 Rxd8 20. b3 Qd6 21. a4
Qd3 22. Qxd3 Rxd3 23. Bb2 Rd2 24. Nd1 Bxd1 {White resigns} 0-1

[Event "Team 45 45 League T38"]
[Site "Internet Chess Club"]
[Date "2008.08.24"]
[Round "5"]
[White "JCMDonet"]
[Black "DavidAbran"]
[Result "1-0"]
[WhiteElo "1939"]
[BlackElo "1851"]
[Opening "Queen's Indian: Nimzovich variation (exaggerated fianchetto)"]
[ECO "E15"]
[Time "22:57:20"]
[TimeControl "2700+45"]

1. Nf3 Nf6 2. d4 e6 3. c4 b6 4. g3 Ba6 5. Nbd2 Bb4 6. Qc2 O-O 7. Bg2 Bb7 8. O-O
c5 9. dxc5 Bxc5 10. a3 a5 11. b3 Qe7 12. Bb2 d5 13. cxd5 exd5 14. e3 Nbd7 15.
Nd4 Rac8 16. Nf5 Qe6 17. Qb1 Ne5 18. Bh3 Ne4 19. Nxe4 dxe4 20. Bxe5 Qxe5 21. b4
Ba6 22. Rd1 Bd3 23. Qb3 axb4 24. axb4 Be7 25. Nxe7+ Qxe7 26. Bxc8 Rxc8 27. Rac1
Rd8 28. Rd2 h6 29. Qc3 b5 30. Qc7 Rd7 31. Qc5 Qe6 32. Ra2 Qh3 33. Qc8+ Kh7 34.
Ra7 Bf1 35. Rxf1 {Black resigns} 1-0

[Event "Team 45 45 League T38"]
[Site "Internet Chess Club"]
[Date "2008.08.26"]
[Round "5"]
[White "manest"]
[Black "iwulu"]
[Result "1/2-1/2"]
[WhiteElo "2384"]
[BlackElo "2404"]
[Opening "QGD Slav accepted: Alapin variation"]
[ECO "D16"]
[Time "23:02:05"]
[TimeControl "2700+45"]

1. d4 d5 2. c4 c6 3. Nf3 Nf6 4. Nc3 dxc4 5. a4 Na6 6. e3 Bg4 7. Bxc4 e6 8. h3
Bh5 9. O-O Nb4 10. Be2 Be7 11. Ne5 Bxe2 12. Qxe2 O-O 13. Rd1 a5 14. e4 Qc8 15.
Bf4 b6 16. Rac1 Qb7 17. Qf3 Rad8 18. h4 c5 19. dxc5 Bxc5 20. Bg5 Be7 21. h5 h6
22. Be3 Rxd1+ 23. Rxd1 Rd8 {Game drawn by mutual agreement} 1/2-1/2

[Event "Team 45 45 League T38"]
[Site "Internet Chess Club"]
[Date "2008.08.23"]
[Round "5"]
[White "onslaught"]
[Black "therealwizard"]
[Result "1/2-1/2"]
[WhiteElo "2182"]
[BlackElo "2152"]
[Opening "Ruy Lopez: open, Bernstein variation"]
[ECO "C80"]
[Time "13:59:17"]
[TimeControl "2700+45"]

1. e4 e5 2. Nf3 Nc6 3. Bb5 a6 4. Ba4 Nf6 5. O-O Nxe4 6. d4 b5 7. Bb3 d5 8. dxe5
Be6 9. Nbd2 Nc5 10. c3 Nxb3 11. Nxb3 Be7 12. Nfd4 Qd7 13. Nxc6 Qxc6 14. Be3 O-O
15. f4 Qd7 16. Bc5 Bxc5+ 17. Nxc5 Qc6 18. Qd4 Bf5 19. a4 bxa4 20. Rxa4 Rfb8 21.
Rfa1 Rxb2 22. c4 Qb6 23. cxd5 Rb1+ 24. Kf2 Rb2+ 25. Kf3 Bg4+ 26. Kg3 Bc8 27. e6
fxe6 28. dxe6 Bb7 29. Rg1 h6 30. f5 Rf8 31. Nxb7 Qxb7 32. Qe4 Qb3+ 33. Kh4 {Game
drawn by mutual agreement} 1/2-1/2